TOP OF THE 1ST |
Saskatoon Smokin' Guns batting - Pitching for Colorado Commanders : RHP Eddie Huber
|
Pitching: RHP Eddie Huber
|
|
Batting: LHB Alejandro Rojas
|
0-0: Ground out 6-3 (Groundball, 6MS)
|
Batting: RHB Rijk de Rade
|
0-0: Called Strike 0-1: Swinging Strike 0-2: Ball 1-2: Ball 2-2: Strikes out swinging
|
Batting: LHB José Lińares
|
0-0: Ball 1-0: Foul Ball, location: 2F 1-1: Called Strike 1-2: Foul Ball, location: 2F 1-2: Ground out 6-3 (Groundball, 6S)
|
Top of the 1st over - 0 run(s), 0 hit(s), 0 error(s), 0 left on base; Saskatoon 0 - Colorado 0 |
BOTTOM OF THE 1ST |
Colorado Commanders batting - Pitching for Saskatoon Smokin' Guns : RHP Daniel Casey
|
Pitching: RHP Daniel Casey
|
|
Batting: RHB Tim Adkins
|
0-0: DOUBLE (Groundball, 3L)
|
Batting: LHB Arturo Rodledo
|
0-0: Ball 1-0: Called Strike 1-1: Foul Ball, location: 2F 1-2: Strikes out swinging
|
Batting: SHB Theodore Cook
|
0-0: Ball 1-0: Ground out 4-3 (Groundball, 4) Tim Adkins to third
|
Batting: RHB Roberto Rodríguez
|
0-0: Ball 1-0: Ball 2-0: SINGLE (Line Drive, 56D) Tim Adkins scores
|
Batting: RHB Gerald Johnson
|
0-0: Called Strike 0-1: Ball 1-1: Ball 2-1: Ball 3-1: DOUBLE (Flyball, 78XD) Roberto Rodríguez to third Runner from 3rd tries for Home, SAFE, no throw or cutoff
|
Batting: RHB Kyle Vélez
|
0-0: Called Strike 0-1: Called Strike 0-2: Strikes out looking
|
Bottom of the 1st over - 2 run(s), 3 hit(s), 0 error(s), 1 left on base; Saskatoon 0 - Colorado 2 |
TOP OF THE 2ND |
Saskatoon Smokin' Guns batting - Pitching for Colorado Commanders : RHP Eddie Huber
|
Batting: RHB Luis Ibarra
|
0-0: Called Strike 0-1: Ball 1-1: Ball 2-1: Ball 3-1: SINGLE (Line Drive, 34D)
|
Batting: RHB Johnny MacNamara
|
0-0: Swinging Strike 0-1: Called Strike 0-2: Grounds into double play, 4-6-3 (Groundball, 4)
|
Batting: SHB Michael Miller
|
0-0: Called Strike 0-1: Ball 1-1: Foul Ball, location: 2F 1-2: Fly out, F6 (Popup, 6)
|
Top of the 2nd over - 0 run(s), 1 hit(s), 0 error(s), 0 left on base; Saskatoon 0 - Colorado 2 |
BOTTOM OF THE 2ND |
Colorado Commanders batting - Pitching for Saskatoon Smokin' Guns : RHP Daniel Casey
|
Batting: RHB Tony Barton
|
0-0: Ball 1-0: Foul Ball, location: 2F 1-1: Foul Ball, location: 2F 1-2: Strikes out swinging
|
Batting: RHB Nick Crosby
|
0-0: Called Strike 0-1: Foul Ball, location: 2F 0-2: Strikes out swinging
|
Batting: RHB Adam Reeves
|
0-0: Foul Ball, location: 2F 0-1: Swinging Strike 0-2: Strikes out swinging
|
Bottom of the 2nd over - 0 run(s), 0 hit(s), 0 error(s), 0 left on base; Saskatoon 0 - Colorado 2 |
TOP OF THE 3RD |
Saskatoon Smokin' Guns batting - Pitching for Colorado Commanders : RHP Eddie Huber
|
Batting: RHB César Rodríguez
|
0-0: Ball 1-0: Called Strike 1-1: Ball 2-1: Ball 3-1: DOUBLE (Flyball, 78XD)
|
Batting: RHB Juan Chávez
|
0-0: Swinging Strike 0-1: Foul Ball, location: 2F 0-2: Strikes out swinging
|
Batting: RHB Zack Flint
|
0-0: Ball 1-0: Swinging Strike 1-1: Ball 2-1: Foul Ball, location: 2F 2-2: Strikes out swinging
|
Batting: LHB Alejandro Rojas
|
0-0: Fly out, F4 (Popup, 4MD)
|
Top of the 3rd over - 0 run(s), 1 hit(s), 0 error(s), 1 left on base; Saskatoon 0 - Colorado 2 |
BOTTOM OF THE 3RD |
Colorado Commanders batting - Pitching for Saskatoon Smokin' Guns : RHP Daniel Casey
|
Batting: RHB Tim Adkins
|
0-0: Ball 1-0: Ball 2-0: Called Strike 2-1: Ball 3-1: Base on Balls
|
Batting: LHB Arturo Rodledo
|
0-0: Ball 1-0: SINGLE (Line Drive, 34D) Tim Adkins to second Runner from 2nd tries for 3rd, SAFE, no throw or cutoff
|
Batting: SHB Theodore Cook
|
0-0: Foul Ball, location: 2F 0-1: Foul Ball, location: 2F 0-2: Ball 1-2: Fielders Choice at 2nd, 6-4 (Groundball, 6) Tim Adkins scores
|
Batting: RHB Roberto Rodríguez
|
0-0: Called Strike 0-1: Ball 1-1: Ball 2-1: Called Strike 2-2: Ball 3-2: Foul Ball, location: 2F 3-2: Base on Balls Theodore Cook to second
|
Batting: RHB Gerald Johnson
|
0-0: Ball 1-0: Called Strike Theodore Cook steals 3rd base Roberto Rodríguez to second 1-1: Foul Ball, location: 2F 1-2: Foul Ball, location: 2F 1-2: Strikes out swinging
|
Batting: RHB Kyle Vélez
|
0-0: Ball 1-0: Ball 2-0: Fly out, F6 (Popup, 6)
|
Bottom of the 3rd over - 1 run(s), 1 hit(s), 0 error(s), 2 left on base; Saskatoon 0 - Colorado 3 |
TOP OF THE 4TH |
Saskatoon Smokin' Guns batting - Pitching for Colorado Commanders : RHP Eddie Huber
|
Batting: RHB Rijk de Rade
|
0-0: Called Strike 0-1: Ball 1-1: Foul Ball, location: 2F 1-2: Ball 2-2: Ground out 6-3 (Groundball, 6)
|
Batting: LHB José Lińares
|
0-0: Ball 1-0: Ball 2-0: Foul Ball, location: 2F 2-1: Ground out 5-3 (Groundball, 56S)
|
Batting: RHB Luis Ibarra
|
0-0: Called Strike 0-1: Ball 1-1: Called Strike 1-2: Ball 2-2: Ball 3-2: Foul Ball, location: 2F 3-2: Strikes out swinging
|
Top of the 4th over - 0 run(s), 0 hit(s), 0 error(s), 0 left on base; Saskatoon 0 - Colorado 3 |
BOTTOM OF THE 4TH |
Colorado Commanders batting - Pitching for Saskatoon Smokin' Guns : RHP Daniel Casey
|
Batting: RHB Tony Barton
|
0-0: Hit by Pitch
|
Batting: RHB Nick Crosby
|
0-0: Ball 1-0: SINGLE (Groundball, 4MD) Tony Barton to second
|
Batting: RHB Adam Reeves
|
0-0: Called Strike 0-1: Ball 1-1: Ball 2-1: Reached on error, E1 (Groundball, 15) Tony Barton to third Nick Crosby to second
|
Batting: RHB Tim Adkins
|
0-0: Ground out 3-1 (Groundball, 34) Tony Barton scores Nick Crosby to third Adam Reeves to second
|
Batting: LHB Arturo Rodledo
|
0-0: Ball 1-0: Ball 2-0: Called Strike 2-1: Called Strike 2-2: Strikes out swinging
|
Batting: SHB Theodore Cook
|
0-0: Ball 1-0: Called Strike 1-1: Swinging Strike 1-2: Foul Ball, location: 2F 1-2: Ground out U3 (Groundball, 3S)
|
Bottom of the 4th over - 1 run(s), 1 hit(s), 1 error(s), 2 left on base; Saskatoon 0 - Colorado 4 |
TOP OF THE 5TH |
Saskatoon Smokin' Guns batting - Pitching for Colorado Commanders : RHP Eddie Huber
|
Batting: RHB Johnny MacNamara
|
0-0: SINGLE (Line Drive, 9S)
|
Batting: SHB Michael Miller
|
0-0: Ball 1-0: Ground out 3-1 (Groundball, 34S) Johnny MacNamara to second
|
Batting: RHB César Rodríguez
|
0-0: Foul Ball, location: 2F 0-1: Called Strike 0-2: Ball 1-2: Ball 2-2: Ground out 1-3 (Groundball, 2L)
|
Batting: RHB Juan Chávez
|
0-0: Ball 1-0: Ball 2-0: Called Strike 2-1: Swinging Strike 2-2: Foul Ball, location: 2F 2-2: DOUBLE (Line Drive, 9LM) Johnny MacNamara scores
|
Batting: RHB Zack Flint
|
0-0: Called Strike 0-1: Foul Ball, location: 2F 0-2: Foul Ball, location: 2F 0-2: Strikes out swinging
|
Top of the 5th over - 1 run(s), 2 hit(s), 0 error(s), 1 left on base; Saskatoon 1 - Colorado 4 |
BOTTOM OF THE 5TH |
Colorado Commanders batting - Pitching for Saskatoon Smokin' Guns : RHP Daniel Casey
|
Batting: RHB Roberto Rodríguez
|
0-0: Ball 1-0: SINGLE (Line Drive, 4MD)
|
Batting: RHB Gerald Johnson
|
0-0: Foul Ball, location: 2F 0-1: Ball 1-1: Ball 2-1: SINGLE (Line Drive, 3) Roberto Rodríguez to second
|
Batting: RHB Kyle Vélez
|
0-0: Ball 1-0: Called Strike 1-1: Foul Ball, location: 2F 1-2: Ball 2-2: Foul Ball, location: 2F 2-2: Ball 3-2: Fly out, F9 (Flyball, 89M)
|
Pitching: LHP Ernesto Pérez
|
|
Batting: RHB Tony Barton
|
0-0: Called Strike 0-1: Hit by Pitch Roberto Rodríguez to third Gerald Johnson to second
|
Batting: RHB Nick Crosby
|
0-0: Called Strike 0-1: Ball 1-1: Foul Ball, location: 2F 1-2: Ball 2-2: Strikes out swinging
|
Batting: RHB Adam Reeves
|
0-0: Ground out 6-3 (Groundball, 6)
|
Bottom of the 5th over - 0 run(s), 2 hit(s), 0 error(s), 3 left on base; Saskatoon 1 - Colorado 4 |
TOP OF THE 6TH |
Saskatoon Smokin' Guns batting - Pitching for Colorado Commanders : RHP Eddie Huber
|
Batting: LHB Alejandro Rojas
|
0-0: Foul Ball, location: 2F 0-1: Ball 1-1: Foul Ball, location: 2F 1-2: SINGLE (Groundball, 4M) (infield hit)
|
Batting: RHB Rijk de Rade
|
0-0: Ball 1-0: Ball 2-0: Called Strike 2-1: SINGLE (Flyball, 8RS) Alejandro Rojas to second Runner from 2nd tries for 3rd, SAFE, no throw or cutoff
|
Batting: LHB José Lińares
|
0-0: Called Strike Rijk de Rade steals 2nd base 0-1: Swinging Strike 0-2: SINGLE (Flyball, 7LS) Alejandro Rojas scores Rijk de Rade to third Runner from 3rd tries for Home, throw and OUT! José Lińares to second
|
Batting: RHB Luis Ibarra
|
0-0: Ball 1-0: Ball 2-0: Fly out, F8 (Flyball, 89S)
|
Pitching: RHP Pedro Vélez
|
|
Batting: RHB Johnny MacNamara
|
0-0: SINGLE (Groundball, 5L) José Lińares to third Runner from 3rd tries for Home, SAFE, no throw or cutoff
|
Batting: SHB Michael Miller
|
0-0: Ball 1-0: Ball 2-0: Ball Johnny MacNamara steals 2nd base 3-0: Base on Balls
|
Batting: RHB César Rodríguez
|
0-0: Fly out, F8 (Flyball, 78S)
|
Top of the 6th over - 2 run(s), 4 hit(s), 0 error(s), 2 left on base; Saskatoon 3 - Colorado 4 |
BOTTOM OF THE 6TH |
Colorado Commanders batting - Pitching for Saskatoon Smokin' Guns : LHP Ernesto Pérez
|
Batting: RHB Tim Adkins
|
0-0: Foul Ball, location: 2F 0-1: Fly out, F5 (Popup, 2L)
|
Batting: LHB Arturo Rodledo
|
0-0: Ball 1-0: Ground out 4-3 (Groundball, 34)
|
Batting: SHB Theodore Cook
|
0-0: Ball 1-0: Called Strike 1-1: Ball 2-1: Ball 3-1: Swinging Strike 3-2: Base on Balls
|
Batting: RHB Roberto Rodríguez
|
0-0: Ball 1-0: Ball 2-0: Foul Ball, location: 2F 2-1: Called Strike 2-2: Strikes out swinging
|
Bottom of the 6th over - 0 run(s), 0 hit(s), 0 error(s), 1 left on base; Saskatoon 3 - Colorado 4 |
TOP OF THE 7TH |
Saskatoon Smokin' Guns batting - Pitching for Colorado Commanders : RHP Pedro Vélez
|
Batting: RHB Juan Chávez
|
0-0: Called Strike 0-1: Called Strike 0-2: Strikes out looking
|
Batting: RHB Zack Flint
|
0-0: Fly out, F6 (Popup, 6M)
|
Pitching: LHP Manuel Reyes
|
|
Batting: LHB Alejandro Rojas
|
0-0: Called Strike 0-1: Ball 1-1: Foul Ball, location: 2F 1-2: SINGLE (Groundball, 6MD)
|
Pinch Hitting: LHB Russell Peck
|
0-0: Called Strike 0-1: Ball 1-1: Foul Ball, location: 2F 1-2: Ball 2-2: Ball 3-2: Base on Balls Alejandro Rojas to second
|
Pitching: RHP Jesús Medina
|
|
Batting: LHB José Lińares
|
0-0: Called Strike 0-1: Ball 1-1: Ball 2-1: Foul Ball, location: 2F 2-2: Fly out, F8 (Flyball, 8RXD)
|
Top of the 7th over - 0 run(s), 1 hit(s), 0 error(s), 2 left on base; Saskatoon 3 - Colorado 4 |
BOTTOM OF THE 7TH |
Colorado Commanders batting - Pitching for Saskatoon Smokin' Guns : LHP Ernesto Pérez
|
Now at 2B: Russell Peck
|
|
Batting: RHB Gerald Johnson
|
0-0: Ball 1-0: Ball 2-0: Ball 3-0: Called Strike 3-1: Base on Balls
|
Batting: RHB Kyle Vélez
|
0-0: Sac Bunt - play at first, batter OUT! 5-3 Gerald Johnson to second
|
Pinch Hitting: RHB Ricardo Remedios
|
0-0: Intentional Walk
|
Pitching: RHP Denny Koch
|
|
Pinch Hitting: RHB Alberto Soto
|
0-0: Ball 1-0: Called Strike 1-1: Ball 2-1: Ball 3-1: Foul Ball, location: 2F 3-2: Strikes out swinging
|
Batting: RHB Adam Reeves
|
0-0: Called Strike 0-1: Ball 1-1: Ball 2-1: Foul Ball, location: 2F 2-2: Foul Ball, location: 2F 2-2: Ball 3-2: Strikes out swinging
|
Bottom of the 7th over - 0 run(s), 0 hit(s), 0 error(s), 2 left on base; Saskatoon 3 - Colorado 4 |
TOP OF THE 8TH |
Saskatoon Smokin' Guns batting - Pitching for Colorado Commanders : RHP Jesús Medina
|
Pitching: RHP Juan Mesa
|
|
Now at 3B: Frank Martínez
|
|
Now in RF: Ricardo Remedios
|
|
Batting: RHB Luis Ibarra
|
0-0: Ball 1-0: Called Strike 1-1: Swinging Strike 1-2: Ball 2-2: Foul Ball, location: 2F 2-2: Strikes out looking
|
Batting: RHB Johnny MacNamara
|
0-0: Ball 1-0: Swinging Strike 1-1: Called Strike 1-2: Ball 2-2: Ball 3-2: Foul Ball, location: 2F 3-2: Foul Ball, location: 2F 3-2: Strikes out looking
|
Batting: SHB Michael Miller
|
0-0: Ball 1-0: Ball 2-0: Ground out 4-3 (Groundball, 4)
|
Top of the 8th over - 0 run(s), 0 hit(s), 0 error(s), 0 left on base; Saskatoon 3 - Colorado 4 |
BOTTOM OF THE 8TH |
Colorado Commanders batting - Pitching for Saskatoon Smokin' Guns : RHP Denny Koch
|
Batting: RHB Tim Adkins
|
0-0: Ball 1-0: Foul Ball, location: 2F 1-1: Ground out 6-3 (Groundball, 6)
|
Batting: LHB Arturo Rodledo
|
0-0: Ball 1-0: Ball 2-0: Ball 3-0: Base on Balls
|
Pinch Hitting: RHB Carlos Hernández
|
0-0: Called Strike 0-1: Called Strike 0-2: Fly out, F3 (Popup, 3F)
|
Batting: RHB Roberto Rodríguez
|
0-0: Ball 1-0: Called Strike 1-1: Ball 2-1: Foul Ball, location: 2F 2-2: Ball 3-2: Base on Balls Arturo Rodledo to second
|
Batting: RHB Gerald Johnson
|
0-0: Ground out 4-3 (Groundball, 34)
|
Bottom of the 8th over - 0 run(s), 0 hit(s), 0 error(s), 2 left on base; Saskatoon 3 - Colorado 4 |
TOP OF THE 9TH |
Saskatoon Smokin' Guns batting - Pitching for Colorado Commanders : RHP Juan Mesa
|
Pitching: RHP Bill Davis
|
|
Now in CF: Rafael López
|
|
Pinch Hitting: LHB Raúl Casillán
|
0-0: Called Strike 0-1: Foul Ball, location: 2F 0-2: Ball 1-2: SINGLE (Line Drive, 8RS)
|
Pinch Hitting: LHB Bo Rush
|
0-0: Called Strike 0-1: Swinging Strike 0-2: Ball 1-2: Ball 2-2: Fly out, F9 (Flyball, 9LM)
|
Batting: RHB Zack Flint
|
0-0: Ball 1-0: Ball 2-0: Ball 3-0: Foul Ball, location: 2F 3-1: Fly out, F8 (Line Drive, 8LD)
|
Batting: LHB Alejandro Rojas
|
0-0: Called Strike 0-1: Called Strike 0-2: Ball 1-2: Strikes out looking
|
Top of the 9th over - 0 run(s), 1 hit(s), 0 error(s), 1 left on base; Saskatoon 3 - Colorado 4 |
|